 Dungeon Crawl Stone Soup version 0.31-a0-198-g2ad674f65e (webtiles) character file.

Game seed: 1540760878705213977

275 TittyCrusher the Digger (level 6, -2/36 HPs)
             Began as an Octopode Earth Elementalist on June 26, 2023.
             Was a Follower of Vehumet.
             Slain by a sleepcap (8 damage)
             ... on level 4 of the Dungeon.
             The game lasted 00:09:09 (3452 turns).

TittyCrusher the Digger (OpEE)                      Turns: 3452, Time: 00:09:10

Health: -2/36      AC:  1    Str: 10    XL:     6   Next: 25%
Magic:  1/9        EV: 13    Int: 17    God:    Vehumet [*.....]
Gold:   122        SH:  0    Dex: 12    Spells: 3/10 levels left

rFire   . . .        a - +4 dagger (venom)
rCold   . . .        (no shield)
rNeg    . . .        (helmet restricted)
rPois   .            (no amulet)
rElec   .            n - ring of flight
rCorr   .            (no ring)
SInv    .            (no ring)
Will    .....        (no ring)
Stlth   +++          (no ring)
HPRegen 0.26/turn    (no ring)
MPRegen 0.11/turn    (no ring)
                     (no ring)

%: no passive effects
@: flying
A: almost no armour, amphibious, 8 rings, camouflage 1, gelatinous body 1,
(nimble swimmer 1), tentacles
a: Renounce Religion


You were on level 4 of the Dungeon.
You worshipped Vehumet.
Vehumet was aware of your devotion.
You visited 1 branch of the dungeon, and saw 4 of its levels.

You collected 202 gold pieces.
You spent 80 gold pieces at shops.

Inventory:

Hand Weapons
 a - a +4 dagger of venom (weapon)
 q - a +0 dagger of protection
Missiles
 c - 31 stones
 s - 5 atropa-tipped darts
Jewellery
 n - a ring of flight (left tentacle)
Scrolls
 b - a scroll of revelation
 f - a scroll of fog
 i - a scroll of torment {unknown}
 k - a scroll of butterflies
 l - a scroll of immolation {unknown}
 o - a scroll of noise {unknown}
 r - a scroll of blinking {unknown}
Potions
 d - 3 potions of magic
 e - a potion of cancellation
 g - a potion of might {unknown}
 h - 2 potions of curing
 j - a potion of brilliance
 m - a potion of resistance {unknown}
 p - a potion of berserk rage {unknown}
 t - a potion of attraction {unknown}


   Skills:
 - Level 2.1 Dodging
 - Level 3.0 Stealth
 - Level 2.6 Spellcasting
 - Level 1.2 Transmutations
 + Level 3.2 Ice Magic
 - Level 5.1 Earth Magic


You had 3 spell levels left.
You knew the following spells:

 Your Spells              Type           Power      Damage    Failure   Level
a - Sandblast             Erth           38%        2d10      2%          1
b - Stone Arrow           Conj/Erth      22%        3d8       19%         3
c - Frozen Ramparts       Ice            26%        1d4       14%         3

Your spell library contained the following spells:

 Spells                   Type           Power      Damage    Failure   Level
 Shock                    Conj/Air       8%         1d3       19%         1
 Freeze                   Ice            52%        1d6       4%          1
 Passwall                 Tmut/Erth      10%        N/A       8%          2
 Hailstorm                Conj/Ice       7%         3d4       28%         3
 Petrify                  Tmut/Erth      13%        N/A       43%         4


Dungeon Overview and Level Annotations

Branches:
Dungeon (4/15)             Temple (0/1) D:4

Altars:
Makhleb
Vehumet
Wu Jian

Shops:
D:3 (   D:4 (


Innate Abilities, Weirdness & Mutations

You cannot wear most types of armour.
You are amphibious.
You can wear up to eight rings at the same time.
Your skin changes colour to match your surroundings (Stealth+).
Your rubbery body absorbs attacks. (AC +1, EV +1)
((You are camouflaged when in or above water. (Stealth+)))
You have tentacles for arms and can constrict up to eight enemies at once.


Message History

The blast of sand hits the sleepcap.
The sleepcap is moderately damaged.
The wall freezes the sleepcap.
The sleepcap barely misses you.
Unknown command.
Unknown command.
Casting: Sandblast (safe; 2% risk of failure)
Confirm with . or Enter, or press ? or * to list all spells.
Aiming: Sandblast (safe; 2% risk of failure)
Press: ? - help, Shift-Dir - straight line, f/p - sleepcap
Aim: a sleepcap (heavily damaged, 100% to hit)
The blast of sand hits the sleepcap.
The sleepcap is heavily damaged.
The wall freezes the sleepcap.
The sleepcap releases spores at you!
The wall freezes the sleepcap but does no damage.
The sleepcap closely misses you.
Unknown command.
Casting: Sandblast (safe; 2% risk of failure)
Confirm with . or Enter, or press ? or * to list all spells.
Aiming: Sandblast (safe; 2% risk of failure)
Press: ? - help, Shift-Dir - straight line, f/p - sleepcap
Aim: a sleepcap (heavily damaged, 100% to hit)
The blast of sand hits the sleepcap.
The sleepcap is severely damaged.
The frozen ramparts melt away.
The sleepcap releases spores at you.
Unknown command.
Unknown command.
Unknown command.
You hit the sleepcap. You grab the sleepcap.
You squeeze the sleepcap, but do no damage.
The sleepcap is almost destroyed.
You constrict the sleepcap. The sleepcap releases spores at you.
You are engulfed in a cloud of soporific spores!
You fall asleep.
You lose your grip on the sleepcap.
The sleepcap releases spores at you!
You wake up.
* * * LOW HITPOINT WARNING * * *
You are engulfed in a cloud of soporific spores!
You are unaffected.
You feel better. The sleepcap releases spores at you!
You die...

####################
b..............f@..#
#################..#
# ##...###.## #
##........# #
#.......### #
#.......#
#########.......#
...............##
#########.......#


You could see a sleepcap.

Vanquished Creatures
  A scorpion (D:4)
  2 hounds (D:4)
  5 adders
  A shadow imp (D:4)
  2 worms
  3 dart slugs
  5 orcs (D:4)
  6 endoplasms
  7 giant cockroaches
  7 hobgoblins
  6 jackals
  8 kobolds
  A quokka (D:2)
  13 ball pythons
  7 bats
  5 frilled lizards
  7 goblins
  3 rats
89 creatures vanquished.

Notes
Turn   | Place    | Note
-------+----------+-------------------------------------------
     0 | D:1      | TittyCrusher the Octopode Earth Elementalist began the
                  | quest for the Orb.
     0 | D:1      | Reached XP level 1. HP: 11/11 MP: 3/3
   125 | D:1      | Reached XP level 2. HP: 17/17 MP: 1/5
   525 | D:1      | Reached XP level 3. HP: 21/21 MP: 4/6
   529 | D:1      | Learned a level 3 spell: Stone Arrow
  1326 | D:2      | Found a radiant altar of Vehumet.
  1337 | D:2      | Became a worshipper of Vehumet
  1409 | D:2      | Reached XP level 4. HP: 27/27 MP: 7/7
  1416 | D:2      | You fall into a shaft and drop 2 floors!
  1417 | D:4      | Found an ornate altar of the Wu Jian Council.
  1418 | D:4      | Found a staircase to the Ecumenical Temple.
  1477 | D:3      | Reached skill level 4 in Earth Magic
  1707 | D:3      | Found Adghymn's Antique Weapon Boutique.
  1726 | D:3      | Bought a glowing dagger for 80 gold pieces
  1953 | D:3      | Found a burning altar of Makhleb.
  1954 | D:3      | Noticed an Executioner
  2266 | D:4      | Found Serraowy's Weapon Shoppe.
  2269 | D:4      | Noticed a scorpion
  2276 | D:4      | Killed a scorpion
  2277 | D:4      | Reached skill level 5 in Earth Magic
  2277 | D:4      | Reached XP level 5. HP: 31/31 MP: 2/8
  2328 | D:2      | Learned a level 3 spell: Frozen Ramparts
  2401 | D:2      | Reached skill level 1 in Ice Magic
  2541 | D:2      | Reached * piety under Vehumet
  2541 | D:2      | Offered knowledge of Shock by Vehumet.
  2944 | D:4      | Reached XP level 6. HP: 31/36 MP: 4/9
  3451 | D:4      | HP: 1/36 [sleepcap (14)]
  3452 | D:4      | Slain by a sleepcap

Illustrated notes

Levels and vault maps discovered:
D:1:      dpeg_arrival_shelter, layout_loops_ring
D:2:      layout_basic, basic_altar, minivault_14
D:3:      layout_loops_corners, makhleb_altar_promises_db, serial_shops,
          shop_coins, kennysheep_generic_room_6
D:4:      layout_rooms, mainiacjoe_overflow_concentric_impassable,
          minmay_temple_entry_drinking_statues, serial_shops,
          nicolae_shop_waterfront, hellmonk_no_cap

Skill      XL: |  1  2  3  4  5  6 |
---------------+-------------------+-----
Stealth        | 3 |  3.0
Earth Magic    | 5 |  5.1
Ice Magic      | 2 3 |  3.2
Dodging        | |  2.1
Spellcasting   | |  2.6
Transmutations | |  1.2

Action                     |  1- 3 |  4- 6 || total
---------------------------+-------+-------++-------
  Melee: Dagger            |    14 |    23 ||    37
         Constrict         |     5 |     7 ||    12
         Tentacles         |     5 |     4 ||     9
   Cast: Sandblast         |    55 |    64 ||   119
         Frozen Ramparts   |       |     2 ||     2
    Use: Scroll            |       |     6 ||     6
         Potion            |       |     2 ||     2
   Stab: Sleeping          |       |     1 ||     1
 Armour: Skin              |     1 |     6 ||     7
  Dodge: Dodged            |    27 |    25 ||    52

Table legend: (Time is in decaauts)
 A = Elapsed time spent in this place.
 B = Non-inter-level travel time spent in this place.
 C = Inter-level travel time spent in this place.
 D = Time resting spent in this place.
 E = Time spent auto-exploring this place.
 F = Levels seen in this place.
 G = Mean time per level.
                   A        B        C        D        E       F      G
               +--------+--------+--------+--------+--------+-----+--------+
         Total |   3511 |   3386 |    125 |    314 |   2313 |   4 |  877.8 |
       Dungeon |   3511 |   3386 |    125 |    314 |   2313 |   4 |  877.8 |
               +--------+--------+--------+--------+--------+-----+--------+

Top non-repeatable levels by time:
     D:1: 1053 daAuts
     D:3: 911 daAuts
     D:2: 911 daAuts
     D:4: 634 daAuts
